 Dungeon Crawl Stone Soup version 0.27-a0-1273-gec92ba881d (webtiles) character file.

Game seed: 12619117812827552130

9555 freelancePsychic the Blocker (level 11, -7/70 (74) HPs)
             Began as a Human Fighter on June 11, 2021.
             Was an Elder of Ru.
             Killed by drain life
             ... invoked by a soul eater
             ... summoned by an orc high priest
              (21 damage)
             ... on level 10 of the Dungeon.
             The game lasted 00:25:24 (12818 turns).

freelancePsychic the Blocker (Human Fighter)       Turns: 12818, Time: 00:25:25

HP:   -7/70 (74)    AC: 20    Str: 19    XL:     11   Next: 76%
MP:   11/11         EV:  6    Int: 10    God:    Ru [****..]
Gold: 479           SH: 18    Dex: 12    Spells: 10/10 levels left

rFire    x . .     SeeInvis .   k - +2 flail (distort)
rCold    . . .     Faith    .   c - +0 kite shield
rNeg     . . .     Spirit   .   z - +0 plate armour
rPois    .         Reflect  +   l - +0 helmet
rElec    .         Harm     .   G - +0 cloak
rCorr    .         Rampage  .   (no gloves)
Will     .....                  e - +1 pair of boots
Stlth    ..........             y - amulet of reflection
HPRegen  0.21/turn              q - ring of protection from cold
MPRegen  0.12/turn              (no ring)

@: studying Armour, drained
A: frail 1, temperature sensitive
a: Renounce Religion, Draw Out Power, Power Leap


You were on level 10 of the Dungeon.
You worshipped Ru.
Ru was greatly pleased with you.
You visited 2 branches of the dungeon, and saw 11 of its levels.
You also visited: Sewer.

You collected 479 gold pieces.

Inventory:

Hand Weapons
 k - a +2 flail of distortion (weapon)
 D - a +0 morningstar
Missiles
 a - 12 javelins
 n - 35 poisoned darts (quivered)
Armour
 c - a +0 kite shield (worn)
 e - a +1 pair of boots (worn)
 l - a +0 helmet (worn)
 z - a +0 plate armour (worn)
 G - a +0 cloak (worn)
Jewellery
 p - an amulet of guardian spirit
 q - a ring of protection from cold (left hand)
 y - an amulet of reflection (around neck)
Wands
 v - a wand of flame (15)
 B - a wand of digging (3)
Scrolls
 b - a scroll of brand weapon
 g - 2 scrolls of amnesia
 i - 2 scrolls of vulnerability
 u - 2 scrolls of enchant weapon
 A - 2 scrolls of enchant armour
Potions
 d - 3 potions of might
 f - 2 potions of curing {@q1}
 h - a potion of brilliance {unknown}
 m - a potion of heal wounds {unknown}
 o - a potion of invisibility
 r - a potion of magic {unknown}
 s - a potion of haste {unknown}
 t - a potion of cancellation
 x - a potion of attraction {unknown}
 E - a potion of lignification {unknown}


   Skills:
 - Level 6.7 Fighting
 + Level 10.2 Maces & Flails
 * Level 10.3 Armour
 - Level 13.0 Shields


You had 10 spell levels left.
You didn't know any spells.
Your spell library contained the following spells:

 Spells                   Type           Power      Damage    Failure   Level
 Magic Dart               Conj           0%         1d3       100%        1
 Blink                    Tloc           N/A        N/A       100%        2
 Call Imp                 Summ           0%         N/A       100%        2
 Poisonous Vapours        Pois/Air       0%         N/A       100%        2
 Slow                     Hex            0%         N/A       100%        2
 Conjure Flame            Conj/Fire      0%         6-21      100%        3
 Mephitic Cloud           Conj/Pois/Air  0%         N/A       100%        3
 Bolt of Magma            Conj/Fire/Erth 0%         4d4       100%        5
 Freezing Cloud           Conj/Ice/Air   0%         6-21      100%        5
 Iskenderun's Battlesphe  Conj           0%         2d6       100%        5
 Iron Shot                Conj/Erth      0%         9d1       100%        6
 Orb of Destruction       Conj           0%         N/A       100%        7
 Spellforged Servitor     Conj/Summ      0%         N/A       100%        7


Dungeon Overview and Level Annotations

Branches:
Dungeon (10/15)            Temple (1/1) D:6            Lair (0/6) D:9
    Orc (0/2) D:9           Sewer (visited)

Altars:
Ashenzari
Cheibriados
Dithmenos
Elyvilon
Fedhas
Gozag
Hepliaklqana
Kikubaaqudgha
Makhleb
Nemelex Xobeh
Okawaru
Qazlal
Ru
Sif Muna
Trog
Uskayaw
Vehumet
Wu Jian
Xom
Yredelemnul
Zin
The Shining One
Beogh

Shops:
D:5 *   D:6 =

Annotations:
D:7 3 runed translucent doors, TODO's ghost, novice MiGl
D:9 exclusion: obsidian statue


Innate Abilities, Weirdness & Mutations

You are frail. (-10% HP)
You are sensitive to extremes of temperature. (rF-, rC-)


Message History

You hit the rust devil but do no damage.
The rust devil is heavily wounded.
The rust devil blinks!
The soul eater draws from the surrounding life force!
You block the boulder beetle's attack.
The orc high priest calls down the wrath of Beogh upon you.
Beogh smites you!
You focus your inner power and blind the orc high priest in retribution!
You hit the boulder beetle.
Space warps horribly around the boulder beetle!!
The boulder beetle is severely wounded.
The soul eater draws from the surrounding life force!
The boulder beetle bites you.
* * * LOW HITPOINT WARNING * * *
The orc high priest mumbles some strange prayers to Beogh.
The orc high priest is healed somewhat.
You hit the boulder beetle but do no damage.
The boulder beetle is severely wounded.
The boulder beetle leaps!
The soul eater hits you but does no damage.
You redirect the boulder beetle's attack!
You miss the orc high priest.
The orc high priest is heavily wounded.
The soul eater barely misses you.
The boulder beetle curls into a ball and begins rolling!
You block the orc high priest's attack.
You barely miss the orc high priest.
The orc high priest is heavily wounded.
You block the soul eater's attack. You block the orc high priest's attack.
You sock the orc high priest!
The orc high priest is heavily wounded.
The boulder beetle hits you but does no damage.
The boulder beetle stops rolling and uncurls.
The soul eater draws from the surrounding life force!
* * * LOW HITPOINT WARNING * * *
The orc high priest hits you but does no damage.
You feel better.
The boulder beetle begins to attack, but is stunned by your conviction!
The soul eater draws from the surrounding life force!
You die...

##'########## #.# #.##
#######'##### #..#
#...........# ##.#
#...........# ##'#########
#...........# #..........#
#...........#
#######################..#
########......§§§§§....#..##
Yg.)§§##..##.§.§@B§##..#...#
######.########3o8.##.8###.#
gH+(=#.'......43##..)()†.'.#
o.+$[#.'........##.......'.#
######.########..8.##.8#####
..##..##.......##..# ###
#...............#
#################


You could see a boulder beetle, a soul eater (summoned), an orc high priest
(blind), a sun demon (summoned) and a rust devil (summoned).

Vanquished Creatures
  A catoblepas (D:10)
  A two-headed ogre (D:10)
  A harpy (D:10)
  2 cyclopes (D:9)
  A centaur zombie (D:10)
  A troll (D:9)
  A vampire (D:10)
  4 yaks
  A wyvern (D:9)
  A human (D:8)
  A steam dragon (D:8)
  4 hogs (D:8)
  2 vampire mosquitoes (D:10)
  Edmund (D:6)
  An acid dragon (D:9)
  3 orc warriors
  A water moccasin (D:9)
  An ice beast (D:5)
  2 black bears
  An ogre (D:5)
  2 kobold brigands
  5 bullfrogs
  3 scorpions
  A wyvern zombie (D:9)
  2 wyvern skeletons
  7 wights
  5 killer bees
  4 howler monkeys
  A bullfrog skeleton (D:6)
  A hound (D:5)
  3 jellies
  3 orc priests
  A centaur skeleton (D:7)
  7 orc wizards
  A killer bee zombie (D:7)
  A hound skeleton (D:3)
  4 gnolls
  2 howler monkey skeletons
  2 howler monkey zombies
  10 adders
  A river rat (D:4)
  2 shadow imps (D:7)
  2 white imps (D:7)
  An ufetubus (D:6)
  An adder skeleton (D:2)
  A worm (D:2)
  2 dart slugs
  39 orcs
  15 ball pythons
  3 bats
  4 endoplasms
  7 giant cockroaches
  4 goblins
  4 hobgoblins
  8 jackals
  17 kobolds
  7 quokkas
  6 frilled lizards
  3 rats
223 creatures vanquished.

Vanquished Creatures (others)
  A komodo dragon (D:10)
  A yak (D:8)
  A bush (D:6)
3 creatures vanquished.

Grand Total: 226 creatures vanquished

Notes
Turn   | Place    | Note
-------+----------+-------------------------------------------
     0 | D:1      | freelancePsychic the Human Fighter began the quest for the
                  | Orb.
     0 | D:1      | Reached XP level 1. HP: 18/18 MP: 1/1
   244 | D:1      | Reached XP level 2. HP: 23/24 MP: 2/2
   427 | D:1      | Reached XP level 3. HP: 14/29 MP: 3/3
  1666 | D:2      | Reached XP level 4. HP: 35/35 MP: 4/4
  2683 | D:2      | Reached XP level 5. HP: 35/42 MP: 5/5
  2834 | D:3      | Reached skill level 4 in Shields
  3177 | D:4      | Found a glowing drain.
  3216 | Sewer    | Entered a sewer
  3383 | Sewer    | Reached XP level 6. HP: 37/48 MP: 3/6
  3649 | Sewer    | Reached skill level 13 in Shields
  3649 | Sewer    | Reached XP level 7. HP: 55/55 MP: 7/7
  4494 | D:5      | Entered Level 5 of the Dungeon
  4594 | D:5      | Reached XP level 8. HP: 37/61 MP: 8/8
  4725 | D:5      | Reached skill level 5 in Fighting
  5568 | D:5      | Found Xecipsic's Assorted Antiques.
  5680 | D:5      | Reached skill level 5 in Maces & Flails
  5690 | D:6      | Identified the +2 rapier of Instant Death {flame, *Corrode
                  | rPois rF+ Int+3}
  5761 | D:6      | Found Gourant's Jewellery Shoppe.
  5806 | D:6      | Found a staircase to the Ecumenical Temple.
  5853 | Temple   | Entered the Ecumenical Temple
  6154 | Temple   | Became a worshipper of Ru the Awakened
  6252 | D:6      | Noticed Edmund
  6365 | D:6      | Killed Edmund
  6366 | D:6      | Reached XP level 9. HP: 33/68 MP: 3/9
  7651 | D:7      | Found a runed translucent gate.
  7651 | D:7      | Found a runed translucent gate.
  7652 | D:7      | Found a runed translucent gate.
  7653 | D:7      | Noticed TODO's ghost (novice MiGl)
  7768 | D:7      | Gained mutation: You are sensitive to extremes of
                  | temperature. (rF-, rC-) [Ru sacrifice]
  7768 | D:7      | Reached * piety under Ru
  7768 | D:7      | Reached ** piety under Ru
  8008 | D:8      | Found a runed translucent door.
  9028 | D:7      | Reached XP level 10. HP: 42/74 MP: 6/10
  9401 | D:8      | Found a hide-covered altar of Uskayaw.
  9939 | D:9      | Found a staircase to the Orcish Mines.
 10163 | D:9      | Identified a scroll of acquirement
 10163 | D:9      | Acquired a manual of Armour
 10173 | D:9      | Found a staircase to the Lair.
 10196 | D:9      | Noticed a cyclops
 10212 | D:9      | Killed a cyclops
 10354 | D:9      | Noticed an obsidian statue
 10357 | D:9      | Noticed an ice devil
 10368 | D:10     | Entered Level 10 of the Dungeon
 10706 | D:10     | Reached skill level 5 in Armour
 11138 | D:10     | Reached XP level 11. HP: 80/83 MP: 11/11
 11796 | D:10     | Noticed a catoblepas
 11796 | D:10     | Noticed a harpy
 11796 | D:10     | Noticed a two-headed ogre
 11796 | D:10     | Noticed a boulder beetle
 11796 | D:10     | Noticed an orc high priest
 11815 | D:10     | Killed a two-headed ogre
 11856 | D:10     | Killed a harpy
 12214 | D:9      | Noticed a white ugly thing
 12301 | D:9      | Reached skill level 10 in Maces & Flails
 12323 | D:9      | Noticed a cyclops
 12332 | D:9      | Killed a cyclops
 12343 | D:9      | Gained mutation: You are frail. (-10% HP) [Ru sacrifice]
 12343 | D:9      | Reached *** piety under Ru
 12343 | D:9      | Reached **** piety under Ru
 12349 | D:9      | Noticed a death knight
 12775 | D:10     | Killed a catoblepas
 12776 | D:10     | Reached skill level 10 in Armour
 12803 | D:10     | Noticed a soul eater
 12812 | D:10     | Noticed a sun demon
 12818 | D:10     | Killed from afar by a soul eater

Illustrated notes

Levels and vault maps discovered:
D:1:      eino_arrival_water_cross, layout_basic, chequers_serial_rivers_marsh,
          chequers_arboretum
D:2:      layout_loops_cross
D:3:      kennysheep_big_flooded_room, layout_basic
D:4:      layout_basic, portal_sewer_entry_b
D:5:      layout_rooms, serial_shops, shop, kennysheep_small_circle
D:6:      layout_rooms, minmay_temple_entry_enclosed_plants, serial_shops,
          kennysheep_mini_moat, roderic_serpentine_path, grunt_decor_one_mirror,
          minmay_hedge_maze, uniq_edmund
D:7:      layout_basic, gammafunk_ghost_necromancy
D:8:      layout_rooms, amcnicky_altar_gilded, grunt_livestock,
          lightli_church_of_beogh
D:9:      minmay_the_grid_octo_tiled_octocenter
          [minmay_the_grid_octo_fat_diamond,
          minmay_the_grid_octo_tetromino_candy,
          minmay_the_grid_octo_thin_diamonds, minmay_the_grid_octo_empty,
          minmay_the_grid_octo_prize_square_snowflake,
          minmay_the_grid_square_5x5_inner_i, minmay_the_grid_square_5x5_bridge,
          minmay_the_grid_square_5x5_minibox,
          minmay_the_grid_square_5x5_two_walls_a], layout_basic,
          minmay_misc_feat_doors, minivault_16
D:10:     layout_roguey, wad_scary_box
Temple:   roderic_octagonal_lattice_temple

Skill      XL: |  1  2  3  4  5  6  7  8  9 10 11 |
---------------+----------------------------------+-----
Maces & Flails | 3 4 5 8 9 10 | 10.2
Fighting       | 4 5 6 |  6.7
Shields        | 4 13 | 13.0
Armour         | 5 10 | 10.3

Action                   |  1- 3 |  4- 6 |  7- 9 | 10-12 || total
-------------------------+-------+-------+-------+-------++-------
Melee: Flail             |    98 |   144 |   310 |   266 ||   818
       Unarmed           |       |       |     7 |       ||     7
Throw: Javelin           |       |       |    15 |       ||    15
       Dart              |       |       |     4 |    11 ||    15
Invok: Sacrifice Resista |       |       |     1 |       ||     1
       Draw Out Power    |       |       |       |     2 ||     2
       Power Leap        |       |       |       |     1 ||     1
       Sacrifice Health  |       |       |       |     1 ||     1
  Use: Scroll            |     3 |     4 |     4 |    11 ||    22
       Potion            |       |     1 |       |     1 ||     2
 Stab: Distracted        |       |       |     2 |       ||     2
       Petrified         |       |       |       |     6 ||     6
Armor: Scale mail        |    42 |    84 |    42 |       ||   168
       Skin              |       |       |     3 |       ||     3
       Plate armour      |       |       |    67 |   116 ||   183
Dodge: Dodged            |    33 |    50 |    83 |    38 ||   204
Block: Kite shield       |    46 |    86 |   208 |   181 ||   521
       Reflection        |       |       |       |     1 ||     1

Table legend: (Time is in decaauts)
 A = Elapsed time spent in this place.
 B = Non-inter-level travel time spent in this place.
 C = Inter-level travel time spent in this place.
 D = Time resting spent in this place.
 E = Time spent auto-exploring this place.
 F = Levels seen in this place.
 G = Mean time per level.
                   A        B        C        D        E       F      G
               +--------+--------+--------+--------+--------+-----+--------+
         Total |  13073 |  12626 |    447 |   2291 |   7934 |  12 | 1089.4 |
       Dungeon |  11878 |  11448 |    430 |   2219 |   7059 |  10 | 1187.8 |
        Temple |    318 |    301 |     17 |      0 |    273 |   1 |  318.0 |
         Sewer |    877 |    877 |      0 |     72 |    601 |   1 |  877.0 |
               +--------+--------+--------+--------+--------+-----+--------+

Top non-repeatable levels by time:
    D:10: 2246 daAuts
     D:7: 1998 daAuts
     D:1: 1348 daAuts
     D:8: 1252 daAuts
     D:2: 1232 daAuts
     D:6: 1186 daAuts
     D:5: 890 daAuts
   Sewer: 877 daAuts
     D:3: 667 daAuts
     D:4: 588 daAuts
     D:9: 467 daAuts
  Temple: 318 daAuts
